Dungeon Sprint DCSS version 0.22-a0-858-g985ef60 (webtiles) character file.

12400000 protoss039 the Middleweight Champion (level 27, -249/272 (273) HPs) Began as a Ghoul Gladiator on July 27, 2018. Was the Champion of Makhleb. Annihilated by a fleshlord ... wielding a +9 great mace (347 damage) ... while paralysed ... in the Dungeon (Sprint VIII: "Arena of Blood"). The game lasted 00:03:38 (124 turns). protoss039 the Middleweight Champion (GhGl) Turns: 124, Time: 00:03:39 HP: -249/272 (273)AC: 8 Str: 22 XL: 27 MP: 46/53 EV: 2 Int: 3 God: Makhleb [******] Gold: 0 SH: 0 Dex: 19 Spells: 80/80 levels left rFire . . . SeeInvis + k - +∞ Axe of Woe rCold + . . Gourm . (shield currently unavailable) rNeg + + + Faith . a - +0 leather armour rPois ∞ Spirit . b - +0 helmet rElec . Reflect . (no cloak) rCorr . Harm . (no gloves) MR ++... NoTele + (no boots) Stlth +++++++++. (no amulet) HPRegen 0.00/turn l - ring of see invisible MPRegen 0.33/turn (no ring) @: paralysed, very slightly contaminated, rotting, hasted and slowed, lost intelligence A: rotting body, claws 1, carnivore, cold resistance 1, negative energy resistance 3, inhibited regeneration, torment resistance, unbreathing a: Minor Destruction, Lesser Servant of Makhleb, Major Destruction, Greater Servant of Makhleb, Renounce Religion You were in the Dungeon. You worshipped Makhleb. Makhleb was exalted by your worship. You were not hungry. You visited 1 branch

Inventory:

Hand Weapons
 k - the +∞ Axe of Woe (weapon)
   (You found it in the Dungeon)
Missiles
 c - 3 throwing nets (quivered)
Armour
 a - a +0 leather armour (worn)
 b - a +0 helmet (worn)
Jewellery
 l - a ring of see invisible (left claw)
Potions
 e - a potion of curing
 f - a potion of heal wounds
 h - 2 potions of magic
 i - a potion of berserk rage
Comestibles
 d - a ration


   Skills:
 O Level 27 Fighting
 O Level 27 Axes
 O Level 27 Throwing
 O Level 27 Armour
 O Level 27 Dodging
 O Level 27 Stealth
 O Level 27 Unarmed Combat
 O Level 27 Spellcasting
 O Level 27 Invocations


You had 80 spell levels left.
You didn't know any spells.
Your spell library was empty.

Dungeon Overview and Level Annotations

Branches:
Dungeon (1/1)

Altars:
Makhleb


Innate Abilities, Weirdness & Mutations

Your body is rotting away.
You thrive on raw meat.
You are immune to poison.
You have sharp fingernails.
You are carnivorous and can eat meat at any time.
Your flesh is cold resistant. (rC+)
You are immune to negative energy. (rN+++)
You do not regenerate when monsters are visible.
You are immune to unholy pain and torment.
You can survive without breathing.


Message History

You hear an angry hiss.
You hear a shout!
The scourge bites you!
The wretched soul is engulfed in blazing flames.
The wretched soul hits you.
The wretched soul blinks!
The bag of meat hits you with a +9 war axe!!
The scourge is engulfed in blazing flames.
The observer is engulfed in blazing flames.
A fleshlord comes into view. It is wielding a +9 great mace.
The fleshlord points at you and mumbles some strange words.
You feel yourself slow down.
The eight-headed meat hydra is engulfed in blazing flames.
The bag of meat is engulfed in blazing flames.
The bag of meat hits you with a +9 war axe!!
You hear a shout!
The observer is engulfed in blazing flames.
The scourge bites you!
The fleshlord hits you with a +9 great mace!!!!!!
Ouch! That really hurt!
You die...

...........)......
.o..XO.)§§)......M
...#X..)§§§#......
...#%..oG)§#..O...
.###.o%.)).###....
..W...###Vp.......
.......D§o...D...W
...#.ooS§#..o...O
...#_.@SG#....D.
.. #.)p).#......
.......O_......O..
.....2.###W.......
..###.L ...###.o.
. #.. ...# . #..
...# V.. ....p
V...


You could see a tentacled monstrosity, a meat beast, a tyrant, an eight-headed
meat hydra, 2 destroyers, an observer (invisible), 2 scourges, 3 fleshlords, a
large abomination, a wretched soul (invisible), a dread, a meat berserker
(berserk) and 4 bags of meat.

Vanquished Creatures
  Sigmund (D)
  5 hell beasts (D)
  4 greater mummies (D)
  2 great orbs of eyes (D)
  Harold (D)
  8 vampire knights (D)
  36 ogres (D)
  6 two-headed ogres (D)
  2 liches (D)
  6 hydras (D)
  65 orcs (D)
  5 phantoms (D)
  3 skeletal warriors (D)
  A sea snake (D)
  14 small abominations (D)
  3 large abominations (D)
  3 crawling corpses (D)
165 creatures vanquished.

Vanquished Creatures (others)
  A crawling corpse (D)
1 creature vanquished.

Grand Total: 166 creatures vanquished

Notes
Turn   | Place    | Note
-------+----------+-------------------------------------------
     0 | D        | Found the +∞ Axe of Woe
     0 | D        | protoss039 the Ghoul Gladiator began the quest for the Orb.
     0 | D        | Reached XP level 1. HP: 17/17 MP: 0/0
     2 | D        | Noticed a bag of meat
     2 | D        | Noticed a meat berserker
     3 | D        | Noticed a bag of meat
     4 | D        | Became a worshipper of Makhleb the Destroyer
     7 | D        | Killed a bag of meat
     7 | D        | Reached XP level 2. HP: 40/40 MP: 1/1
     7 | D        | Reached XP level 3. HP: 47/47 MP: 2/2
     7 | D        | Reached XP level 4. HP: 55/55 MP: 3/3
     7 | D        | Reached XP level 5. HP: 61/61 MP: 4/4
     7 | D        | Reached XP level 6. HP: 68/68 MP: 5/5
     7 | D        | Reached XP level 7. HP: 74/74 MP: 6/6
     7 | D        | Reached XP level 8. HP: 82/82 MP: 7/7
     7 | D        | Reached XP level 9. HP: 89/89 MP: 8/8
     7 | D        | Reached XP level 10. HP: 96/96 MP: 9/9
     7 | D        | Reached XP level 11. HP: 102/102 MP: 10/10
     7 | D        | Reached XP level 12. HP: 110/110 MP: 11/11
     7 | D        | Noticed a bag of meat
     7 | D        | Noticed a bag of meat
     8 | D        | Killed a bag of meat
     8 | D        | Reached * piety under Makhleb
     8 | D        | Reached skill level 5 in Axes
     8 | D        | Reached skill level 10 in Throwing
     8 | D        | Reached XP level 13. HP: 119/119 MP: 12/12
     8 | D        | Noticed a bag of meat
     9 | D        | Killed a meat berserker
     9 | D        | Reached skill level 15 in Fighting
     9 | D        | Reached XP level 14. HP: 135/135 MP: 13/13
    10 | D        | Killed a bag of meat
    10 | D        | Reached XP level 15. HP: 143/143 MP: 14/14
    10 | D        | Reached ** piety under Makhleb
    11 | D        | Noticed a meat berserker
    11 | D        | Noticed a meat berserker
    12 | D        | Reached skill level 10 in Axes
    12 | D        | Reached skill level 27 in Unarmed Combat
    12 | D        | Reached XP level 16. HP: 156/156 MP: 15/15
    12 | D        | Noticed a meat berserker
    13 | D        | Noticed a meat berserker
    13 | D        | Noticed a meat berserker
    14 | D        | Killed a meat berserker
    14 | D        | Reached skill level 15 in Throwing
    14 | D        | Reached *** piety under Makhleb
    14 | D        | Reached skill level 27 in Dodging
    14 | D        | Reached XP level 17. HP: 170/170 MP: 16/16
    15 | D        | Noticed a meat berserker
    16 | D        | Killed a meat berserker
    16 | D        | Reached skill level 5 in Armour
    16 | D        | Killed a meat berserker
    16 | D        | Reached XP level 18. HP: 192/192 MP: 17/17
    16 | D        | Reached **** piety under Makhleb
    17 | D        | Killed a meat berserker
    17 | D        | Reached skill level 27 in Fighting
    17 | D        | Reached XP level 19. HP: 207/207 MP: 18/18
    17 | D        | Killed a meat berserker
    17 | D        | Reached skill level 27 in Axes
    17 | D        | Reached skill level 10 in Armour
    19 | D        | Noticed a large bag of meat
    20 | D        | Noticed a meat berserker
    20 | D        | Noticed a meat berserker
    20 | D        | Noticed a meat berserker
    21 | D        | Killed a meat berserker
    21 | D        | Reached ***** piety under Makhleb
    21 | D        | Reached skill level 27 in Throwing
    21 | D        | Reached XP level 20. HP: 155/216 MP: 19/19
    21 | D        | Reached skill level 27 in Armour
    21 | D        | Reached XP level 21. HP: 224/224 MP: 20/20
    22 | D        | Noticed a meat berserker
    22 | D        | Noticed a destroyer
    23 | D        | Noticed a large bag of meat
    25 | D        | Killed a meat berserker
    25 | D        | Reached skill level 15 in Stealth
    25 | D        | Killed a meat berserker
    25 | D        | Reached skill level 15 in Spellcasting
    25 | D        | Reached ****** piety under Makhleb
    25 | D        | Reached XP level 22. HP: 233/233 MP: 20/42
    27 | D        | Reached skill level 27 in Stealth
    27 | D        | Killed a large bag of meat
    27 | D        | HP: 9/233 [large bag of meat/exploding inner flame (30)]
    27 | D        | Reached skill level 27 in Invocations
    27 | D        | Reached XP level 23. HP: 89/240 MP: 20/50
    27 | D        | Killed a destroyer
    27 | D        | Reached skill level 27 in Spellcasting
    28 | D        | Reached XP level 24. HP: 240/249 MP: 20/53
    28 | D        | Noticed a destroyer
    30 | D        | Killed a large bag of meat
    30 | D        | Reached XP level 25. HP: 190/256 MP: 21/53
    31 | D        | Noticed a destroyer
    33 | D        | Reached XP level 26. HP: 265/265 MP: 21/53
    35 | D        | Killed a destroyer
    35 | D        | Reached XP level 27. HP: 272/272 MP: 22/53
    36 | D        | Killed a destroyer
    36 | D        | Noticed a destroyer
    43 | D        | Noticed a tyrant
    54 | D        | Noticed a large bag of meat
    54 | D        | Noticed an accursed
    55 | D        | Killed a destroyer
    55 | D        | Noticed an accursed
    56 | D        | Noticed a tyrant
    59 | D        | Noticed a destroyer
    61 | D        | Noticed a meat beast
    64 | D        | Killed a tyrant
    65 | D        | Killed a meat beast
    67 | D        | Noticed a meat beast
    68 | D        | Killed a destroyer
    72 | D        | Killed a meat beast
    74 | D        | Killed a large bag of meat
    75 | D        | Noticed a large bag of meat
    75 | D        | Noticed a meat beast
    76 | D        | Killed an accursed
    79 | D        | Killed a meat beast
    80 | D        | Noticed a destroyer
    84 | D        | Killed a large bag of meat
    86 | D        | Killed an accursed
    89 | D        | Killed a destroyer
    90 | D        | Noticed an accursed
    92 | D        | Noticed The Servant
    97 | D        | Noticed a meat beast
    97 | D        | Noticed a large bag of meat
    97 | D        | Noticed an accursed
    99 | D        | Noticed a destroyer
   100 | D        | Noticed a large bag of meat
   100 | D        | Noticed a large bag of meat
   101 | D        | Killed The Servant
   101 | D        | Noticed a large bag of meat
   101 | D        | Noticed an accursed
   102 | D        | Noticed a meat beast
   103 | D        | Noticed a destroyer
   104 | D        | Killed a large bag of meat
   104 | D        | Killed a meat beast
   106 | D        | Killed an accursed
   106 | D        | Killed a destroyer
   107 | D        | Noticed a destroyer
   108 | D        | Killed a meat beast
   109 | D        | Noticed an accursed
   109 | D        | Noticed a tyrant
   111 | D        | Killed a destroyer
   113 | D        | Noticed The Captor
   116 | D        | Killed a tyrant
   116 | D        | Killed a large bag of meat
   117 | D        | Noticed a tyrant
   117 | D        | Noticed a destroyer
   117 | D        | Noticed a fleshlord
   118 | D        | Noticed a tyrant
   119 | D        | Noticed a meat beast
   121 | D        | Killed The Captor
   121 | D        | Killed an accursed
   121 | D        | Lost intelligence.
   121 | D        | Noticed a fleshlord
   122 | D        | Noticed a dread
   123 | D        | Noticed a fleshlord
   124 | D        | Annihilated by a fleshlord

Vault maps used:
D:        meatsprint

Skill      XL: |  1  2  3  4  5  6  7  8  9 10 11 12 13 14 15 16 17 18 19 20 21 22 23 |
---------------+----------------------------------------------------------------------+-----
Fighting       | 11 12 15 17 20 24 27 | 27.0
Axes           | 3 5 6 7 10 14 20 24 27 | 27.0
Throwing       | 9 10 12 14 16 19 21 27 | 27.0
Dodging        | 16 18 21 22 24 27 | 27.0
Unarmed Combat | 19 21 24 25 27 | 27.0
Armour         | 3 6 9 17 27 | 27.0
Stealth        | 22 27 | 27.0
Spellcasting   | 17 24 27 | 27.0
Invocations    | 21 27 | 27.0

Action                   |  1- 3 |  4- 6 |  7- 9 | 10-12 | 13-15 | 16-18 | 19-21 | 22-24 | 25-27 || total
-------------------------+-------+-------+-------+-------+-------+-------+-------+-------+-------++-------
Melee: Executioner's axe |     1 |       |       |     1 |     3 |     3 |     2 |     4 |    60 ||    74
  Use: Scroll            |       |       |       |       |       |       |       |       |     1 ||     1
       Potion            |       |       |       |       |       |       |       |       |     1 ||     1
Armor: Leather armour    |       |       |       |       |       |       |       |       |     3 ||     3
Dodge: Dodged            |       |       |       |       |       |     1 |     2 |     2 |    26 ||    31

Table legend:
 A = Spawn XP
 B = Non-spawn XP
 C = Spawn XP percentage of total XP
 D = Spawn monster count
 E = Non-spawn monster count
 F = Spawn count percentage of total count
 G = Total turns spent on level
                    A         B        C        D         E        F      G
               +---------+---------+-------+---------+---------+-------+---------
         Total |       0 | 5226413 |   0.0 |       0 |     162 |   0.0 |   124
               +---------+---------+-------+---------+---------+-------+---------
             D |       0 | 5226413 |   0.0 |       0 |     162 |   0.0 |   124
               +---------+---------+-------+---------+---------+-------+---------
